 Dungeon Crawl Stone Soup version 0.17.2 (webtiles) character file.

1012 ololoev the Slasher (level 8, 0/58 HPs)
             Began as a Mummy Chaos Knight on June 29, 2016.
             Slain by an orc wizard
             ... wielding a +0 dagger
              (3 damage)
             ... on level 4 of the Dungeon.
             The game lasted 00:06:27 (3329 turns).

ololoev the Slasher (Mummy Chaos Knight)            Turns: 3329, Time: 00:06:27

Health: 0/58       AC: 10    Str: 18    XL:     8   Next: 1%
Magic:  8/8        EV:  7    Int: 11    God:    Xom [......]
Gold:   127        SH:  0    Dex: 11    Spells: 0 memorised, 7 levels left

rFire  . . .     SeeInvis .     a - +1 short sword (venom)
rCold  + . .     Clarity  .     i - +0 chain mail
rNeg   + + +     SustAt   .     (no shield)
rPois  ∞         Gourm    .     (no helmet)
rElec  .         Spirit   .     (no cloak)
rCorr  .         Warding  .     (no gloves)
rMut   .         Stasis   .     h - +0 pair of boots
MR     +....                    (no amulet)
Stlth  ..........               (no ring)
                                g - ring of protection from fire

@: somewhat resistant to hostile enchantments, extremely unstealthy
A: no food or potions, fire vulnerability, cold resistance 1, negative energy
resistance 3, torment resistance, unbreathing
a: Renounce Religion


Innate Abilities, Weirdness & Mutations

You do not eat or drink.
Your flesh is vulnerable to fire.
You are immune to poison.
Your flesh is cold resistant.
You are immune to negative energy.
You are immune to unholy pain and torment.
You can survive without breathing.

Inventory:

Hand Weapons
 a - a +1 short sword of venom (weapon)
 b - a +0 falchion of chaos
Armour
 h - a +0 pair of boots (worn)
 i - a +0 chain mail (worn)
Jewellery
 g - a ring of protection from fire (left hand)
Scrolls
 c - a scroll of identify
 d - 2 scrolls of teleportation
 f - a scroll of blinking


   Skills:
 - Level 3.0 Fighting
 * Level 6.7 Long Blades
 + Level 4.8 Armour
 - Level 0.7 Dodging


You had 7 spell levels left.
You didn't know any spells.


You were on level 4 of the Dungeon.
You worshipped Xom.
You were a very special plaything of Xom.
You were not hungry.

You visited 1 branch of the dungeon, and saw 4 of its levels.

You collected 127 gold pieces.

### ####
###.#
#..####).##
#..#).###
##.5o@## * *
#...### * ,
##o..# , **
##§..##
*...... *
##...##
##....... *
##....#
#.........#
*######.%...#
#.........# ,
..........##
#.........#
*########..#
##........#*

Notes
Turn   | Place    | Note
--------------------------------------------------------------
     0 | D:1      | ololoev the Mummy Chaos Knight began the quest for the Orb.
     0 | D:1      | Reached XP level 1. HP: 18/18 MP: 1/1
   312 | D:1      | Reached XP level 2. HP: 24/24 MP: 2/2
   379 | D:1      | XOM: divination: detect items
   455 | D:1      | XOM: colour smoke trail
   644 | D:1      | XOM: silly message
   657 | D:1      | XOM: vitrification
   916 | D:2      | XOM: polymorph ball python -> giant gecko
  1147 | D:2      | Found an iron altar of Okawaru.
  1186 | D:2      | Reached XP level 3. HP: 29/29 MP: 3/3
  1650 | D:3      | XOM: butterfly on damage
  1654 | D:3      | Reached XP level 4. HP: 7/35 MP: 4/4
  1757 | D:3      | XOM: divination: magic mapping
  1936 | D:3      | Noticed Jessica
  1946 | D:3      | Killed Jessica
  1946 | D:3      | Reached skill level 4 in Long Blades
  1971 | D:3      | XOM: harmless Tloc miscast
  1980 | D:3      | Reached XP level 5. HP: 37/41 MP: 5/5
  2027 | D:3      | Noticed an ice beast
  2027 | D:3      | XOM: potion effect (haste)
  2044 | D:3      | Killed an ice beast
  2132 | D:3      | XOM: harmless Fire miscast
  2253 | D:3      | Found a shadowy altar of Dithmenos.
  2294 | D:3      | XOM: potion effect (heal wounds)
  2296 | D:3      | XOM: divination: magic mapping
  2305 | D:3      | Reached XP level 6. HP: 43/47 MP: 6/6
  2364 | D:3      | Noticed an ogre
  2373 | D:3      | Killed an ogre
  2373 | D:3      | Reached skill level 5 in Long Blades
  2697 | D:3      | XOM: divination: detect creatures
  2964 | D:4      | Noticed Grinder
  3008 | D:4      | Noticed Pikel
  3017 | D:4      | XOM: summons friendly iron imp
  3024 | D:4      | Killed Pikel
  3024 | D:4      | Reached skill level 6 in Long Blades
  3024 | D:4      | Reached XP level 7. HP: 32/52 MP: 7/7
  3075 | D:4      | XOM: colour smoke trail
  3136 | D:4      | Noticed Sigmund
  3148 | D:4      | XOM: divination: magic mapping
  3179 | D:4      | XOM: summons friendly white imp
  3180 | D:4      | XOM: harmless Pois miscast
  3181 | D:4      | XOM: confuse monster(s)
  3182 | D:4      | Killed Sigmund
  3195 | D:4      | Reached XP level 8. HP: 6/58 MP: 8/8
  3220 | D:4      | Got a crude short sword {speed}
  3221 | D:4      | Identified the cursed +0 short sword of Judgement {speed, MP+9 Str+3 Int+4} (You took it off a goblin on level 4 of the Dungeon)
  3284 | D:4      | XOM: polymorph white imp -> crimson imp
  3326 | D:4      | XOM: harmless Air miscast
  3329 | D:4      | Slain by an orc wizard

Dungeon Overview and Level Annotations

Branches:
Dungeon (4/15)
 Temple: D:4-7

Altars:
Dithmenos
Okawaru

Annotations:
D:4 Grinder


Message History

The orc looks frightened! x2
The orc priest looks frightened!
Your crimson imp closely misses the quokka.
Something completely misses your crimson imp.
The orc priest completely misses your crimson imp.
You see here a trident.
The orc wizard hits your crimson imp but does no damage.
The orc priest hits your crimson imp with a dagger.
Your crimson imp closely misses the orc priest.
You closely miss the orc.
Cornered, the orc turns to fight!
You hit the orc.
The orc is severely wounded.
The orc priest misses your crimson imp.
Your crimson imp hits the orc priest but does no damage.
Your crimson imp hits the orc priest but does no damage.
Something barely misses your crimson imp.
The orc hits you but does no damage.
You hit the orc but do no damage.
The orc is poisoned.
The orc is severely wounded.
Your crimson imp blinks!
The quokka barely misses you. The orc barely misses you.
You hit the quokka.
The quokka is moderately wounded.
Xom giggles.
You feel momentarily weightless. The quokka bites you.
The orc closely misses you.
You puncture the quokka!
You kill the quokka!
The orc hits you with a dagger.
You hit the orc wizard.
The orc wizard is poisoned.
The orc wizard is moderately wounded.
You kill the orc!
The orc wizard hits you but does no damage.
The orc priest hits your crimson imp but does no damage.
Your crimson imp blinks!
You hit the orc wizard.
The orc wizard looks even sicker.
The orc wizard is heavily wounded.
The orc wizard hits you with a dagger.
You die... "It was about time."

You could see an orc priest (fleeing), an orc wizard and a friendly crimson imp.

Vanquished Creatures
  Pikel (D:4)
  Sigmund (D:4)
  An ice beast (D:3)
  An ogre (D:3)
  2 orc wizards (D:3)
  Jessica (D:3)
  A hound (D:4)
  An iguana (D:3)
  2 adders
  An ooze (D:3)
  2 worms (D:3)
  3 giant geckos
  11 orcs
  A ball python (D:2)
  9 bats
  5 goblins
  8 hobgoblins
  3 jackals (D:3)
  9 kobolds
  2 quokkas
  5 giant cockroaches
  A giant gecko skeleton (D:4)
  4 giant newts
  7 rats
82 creatures vanquished.

Vanquished Creatures (collateral kills)
  An orc wizard (D:4)
  A hound skeleton (D:4)
  2 goblins
4 creatures vanquished.

Vanquished Creatures (others)
  2 slaves (D:4)
  An orc wizard (D:4)
  An adder skeleton (D:4)
4 creatures vanquished.

Grand Total: 90 creatures vanquished

Action                   |  1- 3 |  4- 6 |  7- 9 || total
-------------------------+-------+-------+-------++-------
Melee: Falchion          |   154 |    13 |       ||   167
       Short sword       |       |   138 |    49 ||   187
  Use: Scroll            |       |       |     6 ||     6
 Stab: Paralysed         |     1 |       |       ||     1
       Confused          |     1 |       |       ||     1

Vault maps used:
D:1:      dpeg_arrival_chase
D:2:      nicolae_overflow_hidden_temple, grunt_ministairs_11
D:3:      grunt_dithmenos_smoke, first_bread, uniq_jessica
D:4:      gup_sewer_entry_pipe, hangedman_decor_riveting,
          yredelemnul_altar_generic, uniq_sigmund, uniq_grinder, uniq_pikel
